 Dungeon Crawl Stone Soup version 0.16.1-29-g3e760ad (webtiles) character file.

288 tetracycle the Covered (level 6, 0/53 HPs)
             Began as a Hill Orc Fighter on June 7, 2015.
             Slain by an ice beast (9 damage)
             ... on level 4 of the Dungeon.
             The game lasted 00:07:24 (2972 turns).

tetracycle the Covered (Hill Orc Fighter)           Turns: 2972, Time: 00:07:25

Health: 0/53       AC: 12    Str: 21    XL:     6   Next: 31%
Magic:  6/6        EV:  7    Int:  8    God:
Gold:   176        SH:  9    Dex: 10    Spells: 0 memorised, 5 levels left

rFire  . . .     SeeInvis .     w - +0 mace (protect)
rCold  . . .     Clarity  .     b - +0 scale mail
rNeg   . . .     SustAb   .     c - +0 shield
rPois  .         Gourm    .     (no helmet)
rElec  .         Spirit   .     (no cloak)
rCorr  .         Warding  .     (no gloves)
rMut   .         Stasis   .     (no boots)
MR     .....                    (no amulet)
Stlth  ..........               (no ring)
                                (no ring)

@: not resistant to hostile enchantments, extremely unstealthy
A: no striking features
a: no special abilities


You were on level 4 of the Dungeon.
You were not hungry.

You visited 1 branch of the dungeon, and saw 5 of its levels.

You collected 176 gold pieces.

Inventory:

Hand weapons
 a - a +0 war axe
 w - a +0 mace of protection (weapon)
 x - a +0 hunting sling
Missiles
 k - 101 stones (quivered)
 p - 8 sling bullets of frost
 y - 3 needles of confusion
Armour
 b - a +0 scale mail (worn)
 c - a +0 shield (worn)
Magical devices
 B - a wand of polymorph (9)
 D - a wand of frost (24)
 H - a wand of paralysis (16)
Scrolls
 f - 13 scrolls of identify {unknown}
 l - 2 scrolls of enchant weapon {unknown}
 n - 2 scrolls of remove curse {unknown}
 r - a scroll of blinking {unknown}
 s - 2 scrolls of fear {unknown}
 t - a scroll of noise {unknown}
 u - 2 scrolls of immolation {unknown}
 z - a scroll of teleportation {unknown}
Potions
 e - 4 potions of might
 j - 2 potions of curing {unknown}
 m - 2 potions of ambrosia {unknown}
 o - a potion of restore abilities {unknown}
 q - 3 potions of heal wounds {unknown}
 v - 2 potions of brilliance {unknown}
 C - a potion of poison {unknown}
 E - a potion of flight {unknown}
 F - a potion of haste {unknown}
Comestibles
 d - 2 meat rations
 g - 4 chunks of flesh
 h - 3 bread rations
 i - 7 fruits
 A - a beef jerky
 G - a slice of pizza


   Skills:
 + Level 4.5 Fighting
 - Level 5.2(5.3) Axes
 - Level 1.2(3.0) Maces & Flails
 + Level 5.7 Armour
 - Level 3.2 Shields


You had 5 spell levels left.
You didn't know any spells.

Dungeon Overview and Level Annotations

Branches:
Dungeon (5/15)
 Temple: D:4-7

Altars:
Cheibriados


Message History

The ice beast is severely wounded.
The ice beast hits you. The ice beast freezes you!
You block the ice beast's attack.
You closely miss the ice beast.
The ice beast is severely wounded.
The ice beast hits you. The ice beast freezes you!
You hit the ice beast but do no damage.
The ice beast is severely wounded.
The ice beast hits you but does no damage.
You hit the ice beast.
The ice beast is severely wounded.
You block the ice beast's attack.
You hit the ice beast but do no damage.
The ice beast is severely wounded.
The ice beast hits you. The ice beast freezes you!
* * * LOW HITPOINT WARNING * * *
The ice beast hits you.
* * * LOW HITPOINT WARNING * * *
The ice beast freezes you!
You die...

....... ... #.#
#.....####.## ...#
............#.#..#
####.###......#..#
##........# #.#..#
...###.#.## #.#..#
.### #...# #.##.##
## ##..# #.##Y.#
#######..# #.##@.#
#.....÷..####.##..#
#.#####..÷##...#..#
. #............# ##
#...........## .
###..#......# .
#####....## .
#....# .. #....#


You could see an ice beast.

Vanquished Creatures
  A giant frog (D:3)
  A scorpion (D:3)
  A hound (D:3)
  7 adders
  2 giant mites
  A worm (D:4)
  5 giant geckos
  An orc (D:3)
  5 giant cockroaches
  3 goblins (D:1)
  10 hobgoblins
  2 ball pythons
  10 bats
  4 giant newts
  5 jackals
  5 kobolds
  2 quokkas
  6 rats
71 creatures vanquished.

Notes
Turn   | Place    | Note
--------------------------------------------------------------
     0 | D:1      | tetracycle, the Hill Orc Fighter, began the quest for the Orb.
     0 | D:1      | Reached XP level 1. HP: 19/19 MP: 1/1
   108 | D:1      | Reached skill level 4 in Fighting
   222 | D:1      | Reached XP level 2. HP: 24/27 MP: 2/2
   365 | D:2      | Reached XP level 3. HP: 25/33 MP: 3/3
  1076 | D:1      | Reached skill level 5 in Axes
  1076 | D:1      | Reached XP level 4. HP: 27/40 MP: 4/4
  1502 | D:2      | Found a snail-covered altar of Cheibriados.
  1805 | D:3      | Reached XP level 5. HP: 17/46 MP: 5/5
  2031 | D:3      | Reached skill level 1 in Maces & Flails
  2273 | D:4      | Noticed a giant frog
  2285 | D:3      | Reached skill level 5 in Armour
  2289 | D:3      | Killed a giant frog
  2289 | D:3      | Reached XP level 6. HP: 30/53 MP: 6/6
  2883 | D:5      | Entered Level 5 of the Dungeon
  2953 | D:4      | Noticed an ice beast
  2972 | D:4      | Slain by an ice beast

Action                   |  1- 3 |  4- 6 || total
-------------------------+-------+-------++-------
Melee: War axe           |    84 |       ||    84
       Mace              |       |   189 ||   189
Throw: Stone             |     3 |       ||     3
  Eat: Chunk             |     1 |     6 ||     7
